Map: Jagannatha LE

Players

Heeebster

  • Race: Protoss Protoss
  • League: Diamond
  • Spawn Location: 1:00

probex - Winner!

  • Race: Terran Terran
  • League: Diamond
  • Spawn Location: 7:00

VOD

Have the link to the VOD?

Description

Time

  • Played on: Nov. 16, 2020, 12:34 p.m.
  • Length: 12:01
Show
View Real Time Build Order
Export as new Build Order

Heeebster Protoss 

Build Orders: Oracle Opening 

Get SALT Encoding   

  12  0:00  Probe  
  13  0:12  Probe  
  14  0:18  Pylon  
  14  0:24  Probe  
  15  0:40  Gateway  
  15  0:43  Probe (Chrono Boost)  
  15  0:47  Assimilator  
  16  0:53  Assimilator  
  16  0:55  Probe (Chrono Boost)  
  17  1:00  Probe (Chrono Boost)  
  18  1:10  Probe  
  19  1:22  Probe  
  20  1:27  Cybernetics Core  
  20  1:34  Probe  
  21  1:46  Probe  
  22  1:57  Pylon  
  22  1:58  Probe  
  23  2:03  Warp Gate  
  23  2:07  Pylon  
  23  2:14  Stalker (Chrono Boost)  
  25  2:16  Stargate  
  25  2:36  Stalker (Chrono Boost)  
  27  2:46  Gateway  
  27  2:56  Gateway  
  27  2:58  Oracle (Chrono Boost)  
  30  3:06  Gateway  
  30  3:25  Oracle (Chrono Boost)  
  33  3:31  Pylon  
  33  3:36  Pylon  
  33  3:55  Stalker x3  
  39  4:00  Stalker  
  41  4:24  Stalker x4  
  49  4:38  Pylon  
  45  4:50  Stalker x2  
  31  5:12  Stalker x2  
  31  5:16  Stalker  
  33  5:30  Stalker  
  27  6:04  Stalker x4  
  33  6:25  Stalker x2  
  37  6:29  Stalker  
  37  6:32  Stalker  
  33  7:02  Stalker x2  
  33  7:03  Stalker, Zealot  
  33  7:34  Stalker x3  
  33  7:36  Stalker  
  31  8:04  Stalker x3  
  37  8:09  Zealot  
  39  8:27  Stalker x2  
  33  8:41  Void Ray (Chrono Boost)  
  33  8:53  Zealot x3  
  43  9:03  Stalker  
  39  9:20  Void Ray (Chrono Boost)  
  35  9:51  Void Ray  
  36  10:01  Zealot  
  36  10:11  Stalker  
  36  10:32  Stalker x2  
  36  10:44  Void Ray (Chrono Boost)  
  30  11:50  Stalker x4  
Show
View Real Time Build Order
Export as new Build Order

probex Terran - Winner!

Build Orders: Reaper Expand 

Get SALT Encoding   

  12  0:00  SCV  
  13  0:13  SCV  
  14  0:17  Supply Depot  
  14  0:25  SCV  
  15  0:39  SCV  
  15  0:40  Barracks  
  16  0:44  Refinery  
  16  0:51  SCV  
  17  1:03  SCV  
  18  1:15  SCV  
  19  1:27  Reaper  
  19  1:28  Orbital Command  
  20  1:44  Command Center  
  20  1:55  SCV  
  21  2:04  Supply Depot  
  21  2:09  SCV  
  21  2:12  Barracks Reactor  
  21  2:13  Refinery  
  22  2:25  Factory  
  22  2:26  SCV  
  23  2:30  Bunker  
  23  2:39  SCV  
  24  2:49  Marine x2  
  24  2:51  SCV  
  27  3:00  Orbital Command  
  27  3:03  SCV  
  28  3:07  Marine x2  
  28  3:10  Factory Tech Lab  
  30  3:15  SCV  
  30  3:16  Starport  
  30  3:26  Bunker  
  30  3:27  Marine, SCV  
  32  3:37  Siege Tank  
  32  3:38  Marine  
  30  3:52  SCV  
  30  3:53  Marine  
  31  3:59  SCV  
  32  4:04  Marine  
  32  4:05  SCV  
  34  4:11  Marine  
  34  4:15  SCV  
  34  4:17  SCV  
  36  4:22  Cyclone  
  38  4:27  SCV  
  40  4:38  SCV  
  40  4:39  Marine  
  40  4:40  Marine  
  42  4:51  SCV x2  
  42  4:52  Bunker  
  43  4:58  Supply Depot  
  40  5:11  SCV  
  37  5:15  Marine  
  37  5:16  Marine  
  38  5:32  SCV  
  38  5:33  Marine x2  
  39  5:47  SCV  
  36  5:51  Marine  
  36  5:53  Marine  
  37  6:00  SCV  
  36  6:06  SCV  
  36  6:09  Marine, Viking  
  36  6:11  Marine  
  40  6:12  SCV  
  40  6:16  Supply Depot  
  42  6:21  Orbital Command  
  42  6:24  SCV  
  39  6:27  Marine  
  39  6:29  Marine  
  40  6:37  SCV  
  40  6:38  Siege Tank  
  44  6:44  Marine  
  44  6:46  Supply Depot x2  
  44  6:47  Marine  
  45  6:49  SCV  
  44  6:56  SCV  
  44  6:57  Viking  
  45  7:02  Marine  
  45  7:03  SCV  
  45  7:04  Marine  
  45  7:06  Supply Depot  
  48  7:11  Siege Tank  
  51  7:17  Command Center  
  51  7:20  Marine  
  47  7:33  Marine  
  47  7:36  Viking  
  48  7:38  Marine  
  48  7:44  SCV  
  49  7:50  Marine  
  49  7:52  Orbital Command  
  49  7:56  Marine  
  45  8:00  Siege Tank  
  45  8:05  SCV  
  47  8:07  Viking  
  47  8:08  Marine  
  49  8:14  Marine  
  49  8:17  SCV  
  50  8:23  Command Center  
  50  8:26  Marine, Barracks  
  51  8:27  Barracks  
  51  8:31  Marine  
  44  8:43  SCV  
  44  8:44  Marine  
  46  8:49  Marine  
  47  8:57  Orbital Command  
  47  9:02  Marine  
  48  9:07  Marine, Orbital Command  
  48  9:08  Siege Tank  
  51  9:19  Marine  
  51  9:23  SCV x2  
  51  9:25  Marine, Viking  
  51  9:26  Marine x2  
  56  9:34  SCV  
  56  9:36  Orbital Command  
  56  9:37  Marine  
  56  9:41  Command Center  
  55  9:49  SCV  
  55  9:50  Marine  
  57  9:55  Barracks Reactor x2  
  57  9:59  SCV x2  
  56  10:06  SCV  
  57  10:11  Orbital Command  
  56  10:19  Orbital Command  
  54  10:22  Viking  
  54  10:23  Siege Tank  
  56  10:33  SCV  
  53  10:50  SCV  
  53  10:52  Marine x5  
  59  11:09  Siege Tank, SCV  
  63  11:15  Marine x3  
  63  11:17  SCV  
  66  11:23  Marine  
  66  11:24  Marine  
  65  11:32  Orbital Command  
  61  11:33  Marine x3  
  61  11:34  SCV x2  
  61  11:35  Marine  
  61  11:36  Refinery  
  61  11:37  Refinery  
  67  11:41  Marine, Barracks  
Tags
 
Add a new tag
Caveats
  • Supply blocks, unpowered buildings, or Contaminate may cause inaccurate times.
  • Supply counts are checked every 10 seconds.